 Dungeon Crawl Stone Soup version 0.22.0-49-gab54619674 (webtiles) character file.

351 erzklaus the Chopper (level 6, -1/56 HPs)
             Began as a Minotaur Berserker on Sept 5, 2018.
             Was a Believer of Trog.
             Slain by Crazy Yiuf
             ... wielding a +4 quarterstaff of chaos
              (13 damage)
             ... on level 3 of the Dungeon.
             The game lasted 00:44:26 (3321 turns).

erzklaus the Chopper (Minotaur Berserker)           Turns: 3321, Time: 00:44:26

Health: -1/56      AC:  2    Str: 24    XL:     6   Next: 34%
Magic:  5/5        EV: 12    Int:  4    God:    Trog [**....]
Gold:   159        SH:  0    Dex:  9    Spells: 5/5 levels left

rFire    . . .     SeeInvis .   a - +0 hand axe
rCold    . . .     Gourm    .   (no shield)
rNeg     . . .     Faith    .   b - +0 animal skin
rPois    .         Spirit   .   (helmet restricted)
rElec    .         Reflect  .   (no cloak)
rCorr    .         Harm     .   (no gloves)
MR       .....                  (no boots)
Stlth    +.........             (no amulet)
HPRegen  0.18/turn              (no ring)
MPRegen  0.09/turn              (no ring)

@: berserk cooldown, starving, slowed, drained, very slow
A: retaliatory headbutt, horns 2
a: Berserk, Trog's Hand, Renounce Religion


You were on level 3 of the Dungeon.
You worshipped Trog.
Trog was pleased with you.
You were starving.

You visited 1 branch of the dungeon, and saw 3 of its levels.

You collected 159 gold pieces.

Inventory:

Hand Weapons
 a - a +0 hand axe (weapon)
 f - a +0 longbow
Missiles
 d - 40 sling bullets
 h - 139 stones (quivered)
 s - 8 curare-tipped needles
 t - 32 poisoned needles
Armour
 b - a +0 animal skin (worn)
 e - a cursed +0 ring mail
 o - a +0 pair of boots
 q - a scarf of resistance
 u - a +0 pair of gloves
 v - a +0 scale mail
Jewellery
 g - an uncursed ring of protection from fire {unknown}
Wands
 w - a wand of acid (5)
Scrolls
 j - a scroll of immolation {unknown}
 l - a scroll of remove curse {unknown}
 m - a scroll of blinking {unknown}
 n - 2 scrolls of identify
 p - 2 scrolls of teleportation {unknown}
 r - a scroll of random uselessness {unknown}
Potions
 i - a potion of might {unknown}
 k - 2 potions of lignification
 x - a potion of mutation {unknown}
 z - 3 potions of degeneration {unknown}
Comestibles
 c - 14 rations


   Skills:
 + Level 5.5(4.9) Fighting
 * Level 7.0(6.4) Axes
 + Level 3.7(3.2) Armour
 - Level 2.1(1.6) Dodging


You had 5 spell levels left.
You didn't know any spells.
Your spell library was empty.

Dungeon Overview and Level Annotations

Branches:
Dungeon (3/15)

Altars:
Cheibriados
Dithmenos
Fedhas
Gozag
Kikubaaqudgha
Qazlal
Uskayaw
Vehumet
Zin

Annotations:
D:3 Crazy Yiuf, Sigmund


Innate Abilities, Weirdness & Mutations

You reflexively headbutt those who attack you in melee.
You have a pair of horns on your head.


Message History

There is an open door here.
You hit something but do no damage. Your headbutt misses something.
Something hits you. Something freezes you.
You feel a strong urge to attack something.
You are no longer berserk.
You are exhausted.
You feel yourself slow down. Something hits you.
You miss something. Something hits you.
You feel drained.
You miss something. Something barely misses you. Something hits you!
You closely miss something. You headbutt something. Something hits you!
You hit something but do no damage. You headbutt something! Something hits you.
Something freezes you.
You closely miss something. Something hits you.
You feel drained.
You miss something. Something hits you.
* * * LOW HITPOINT WARNING * * *
Something hits you.
* * * LOW HITPOINT WARNING * * *
You barely miss something. Something hits you!
You die...

#.### #...... #...#####
#...... ###.##..#
#...... #.##..# #......
# #.##..# ###.... #
#.##..# #### ♣♣####
###### # #..÷..#
#)..#♣♣ ♣♣....###.....
# ####).#
#...'{♣♣♣♣......##.....
# #..#
#...#♣@.♣.......##.....
#######'# ####
♣♣♣.♣......####...
##......#
♣♣♣♣♣##.........
''......# #.........
##.....## ###########
#......... ##......#
#.##<.....# #.........
##......# #.##......#
###'#'#.## ##......#
#.##......######.#.#.#
##......#
#.##......'......#.#.#


There were no monsters in sight!

Vanquished Creatures
  Grinder (D:2)
  Ijyb (D:3)
  5 adders
  2 oozes (D:3)
  3 worms
  A dart slug (D:1)
  2 leopard geckos (D:3)
  4 orcs (D:3)
  2 giant cockroaches (D:1)
  7 goblins
  9 hobgoblins
  7 jackals
  A quokka (D:2)
  6 bats
  A frilled lizard (D:1)
  9 kobolds
61 creatures vanquished.

Notes
Turn   | Place    | Note
-------+----------+-------------------------------------------
     0 | D:1      | erzklaus the Minotaur Berserker began the quest for the
                  | Orb.
     0 | D:1      | Reached XP level 1. HP: 19/19 MP: 0/0
    70 | D:1      | Reached skill level 4 in Axes
   118 | D:1      | Reached XP level 2. HP: 13/27 MP: 1/1
   871 | D:2      | Found a shadowy altar of Dithmenos.
   903 | D:2      | Found a hide-covered altar of Uskayaw.
   903 | D:2      | Found an ancient bone altar of Kikubaaqudgha.
   905 | D:2      | Found a blossoming altar of Fedhas.
   907 | D:2      | Found a snail-covered altar of Cheibriados.
   908 | D:2      | Found a glowing silver altar of Zin.
   920 | D:2      | Reached ** piety under Trog
   920 | D:2      | Reached XP level 3. HP: 33/33 MP: 2/2
  1099 | D:2      | Found an opulent altar of Gozag.
  1264 | D:2      | Reached skill level 5 in Axes
  1375 | D:2      | Found a faded altar of an unknown god.
  1805 | D:3      | Reached XP level 4. HP: 37/41 MP: 3/3
  1867 | D:3      | Found a stormy altar of Qazlal.
  2194 | D:3      | Noticed Grinder
  2212 | D:2      | Killed Grinder
  2212 | D:2      | Reached skill level 5 in Fighting
  2212 | D:2      | Reached skill level 6 in Axes
  2212 | D:2      | Reached XP level 5. HP: 20/48 MP: 4/4
  2212 | D:2      | Reached XP level 6. HP: 23/56 MP: 5/5
  2507 | D:3      | Noticed Ijyb
  2527 | D:3      | Killed Ijyb
  2754 | D:3      | Found a radiant altar of Vehumet.
  2895 | D:3      | Noticed Sigmund
  3104 | D:3      | Reached skill level 7 in Axes
  3245 | D:3      | Found a runed door.
  3307 | D:3      | Noticed Crazy Yiuf
  3321 | D:3      | Slain by Crazy Yiuf

Skill      XL: |  1  2  3  4  5  6 |
---------------+-------------------+-----
Axes           | 4 5 6 7 |  7.0
Fighting       | 4 5 |  5.5
Armour         | 3 |  3.7
Dodging        | |  2.1

Action                   |  1- 3 |  4- 6 || total
-------------------------+-------+-------++-------
Melee: Hand axe          |    71 |    70 ||   141
       Headbutt          |    14 |    11 ||    25
Throw: Stone             |    11 |       ||    11
Invok: Berserk           |     1 |     3 ||     4
  Use: Scroll            |       |     1 ||     1
       Potion            |       |     1 ||     1
 Stab: Sleeping          |     1 |       ||     1
  Eat: Chunk             |     2 |     7 ||     9
Armor: Animal skin       |    12 |     8 ||    20
       Skin              |       |     4 ||     4
Dodge: Dodged            |    42 |    38 ||    80
